Map: Tropical Sacrifice

Players

Bum

  • Race: Zerg Zerg
  • League: Diamond
  • Spawn Location: 1:00

MicroJordaan - Winner!

  • Race: Terran Terran
  • League: Diamond
  • Spawn Location: 7:00

VOD

Have the link to the VOD?

Description

MicroJordaan vs BUM

Time

  • Played on: Aug. 17, 2022, 7:03 p.m.
  • Length: 13:50
Show
View Real Time Build Order
Export as new Build Order

Bum Zerg 

Build Orders: Hatch First 

Get SALT Encoding   

  12  0:00  Drone  
  13  0:14  Overlord  
  13  0:18  Drone  
  14  0:33  Drone x2  
  16  0:47  Drone  
  17  0:59  Hatchery  
  16  1:04  Drone x2  
  16  1:11  Extractor  
  17  1:12  Drone  
  18  1:22  Spawning Pool  
  18  1:23  Drone  
  18  1:40  Drone  
  18  1:41  Drone  
  20  2:12  Drone x4  
  20  2:14  Queen  
  26  2:16  Queen  
  28  2:26  Overlord x2  
  28  2:42  Metabolic Boost  
  28  2:48  Drone  
  29  2:52  Hatchery  
  29  2:57  Drone x3  
  31  2:59  Drone  
  31  3:02  Drone  
  33  3:08  Overlord  
  33  3:16  Overlord  
  33  3:21  Zergling x4  
  35  3:27  Evolution Chamber  
  35  3:28  Evolution Chamber  
  35  3:31  Queen  
  35  3:34  Drone  
  35  3:35  Drone  
  35  3:41  Overlord  
  37  3:46  Drone x2  
  37  3:47  Drone  
  40  3:54  Zerg Melee Weapons Level 1  
  40  3:58  Overlord  
  40  4:08  Queen  
  42  4:15  Drone x2  
  44  4:20  Drone x2  
  44  4:21  Drone x5  
  51  4:31  Zerg Ground Armor Level 1  
  51  4:36  Roach Warren  
  50  4:47  Extractor  
  50  4:49  Zergling x10  
  50  4:51  Queen  
  56  4:54  Lair  
  56  4:59  Extractor x2  
  54  5:11  Drone x3  
  57  5:25  Roach  
  57  5:26  Roach x3  
  57  5:27  Overlord x2  
  57  5:28  Overlord  
  65  5:36  Overlord x2  
  63  5:46  Roach x5  
  79  5:50  Roach  
  79  5:53  Roach  
  81  6:02  Overlord x2  
  73  6:14  Roach  
  73  6:15  Roach x4  
  74  6:27  Roach x3  
  64  6:36  Zerg Melee Weapons Level 2  
  64  6:39  Zergling x12  
  70  6:47  Queen  
  70  6:49  Zerg Ground Armor Level 2  
  72  6:58  Glial Reconstitution  
  72  7:02  Hatchery  
  72  7:07  Drone x2  
  72  7:08  Drone x5  
  78  7:20  Baneling Nest  
  77  7:24  Roach x3  
  83  7:42  Overlord x2  
  83  7:46  Hatchery  
  83  7:47  Drone x2  
  84  7:51  Drone x3  
  84  7:56  Overlord  
  87  8:05  Drone x5  
  90  8:06  Drone x2  
  90  8:09  Centrifugal Hooks  
  90  8:12  Roach  
  96  8:14  Baneling x2  
  96  8:15  Baneling x4  
  96  8:26  Drone x4  
  100  8:32  Roach x5  
  110  8:37  Overseer  
  110  8:40  Drone x4  
  114  8:49  Extractor  
  114  8:50  Spore Crawler, Extractor  
  114  8:51  Roach  
  114  8:52  Roach x2  
  114  9:10  Drone x5  
  114  9:11  Drone x9  
  128  9:19  Infestation Pit  
  124  9:40  Zerg Missile Weapons Level 1  
  124  9:44  Drone x5  
  129  9:46  Extractor x2  
  127  9:53  Overlord  
  127  9:54  Overlord x4  
  127  9:56  Roach  
  127  9:57  Roach x3  
  127  9:59  Hatchery  
  134  10:00  Hive  
  134  10:16  Drone x3  
  131  10:37  Roach  
  131  10:38  Roach x18  
  163  10:49  Roach x5  
  159  11:01  Swarm Host  
  159  11:02  Roach x4  
  168  11:07  Roach x3  
  166  11:14  Adrenal Glands  
  164  11:22  Ultralisk Cavern  
  163  11:29  Pneumatized Carapace  
  163  11:32  Overseer x2  
  163  11:35  Hatchery  
  163  11:38  Queen  
  164  11:40  Overlord x2  
  164  11:41  Overlord  
  164  11:44  Queen  
  164  11:46  Hatchery  
  165  11:47  Drone x5  
  165  11:48  Drone x3  
  165  11:54  Overlord x4  
  173  12:06  Hatchery  
  172  12:19  Chitinous Plating  
  178  12:30  Ultralisk x5  
  178  12:31  Overlord  
  178  12:32  Overlord x2  
  178  12:34  Zergling x6  
  197  12:52  Overlord x3  
  197  12:58  Zergling x10  
  199  13:06  Overlord  
  183  13:27  Zergling x10  
  183  13:28  Zergling x6  
Show
View Real Time Build Order
Export as new Build Order

MicroJordaan Terran - Winner!

Build Orders: 2 Factory, Mech 

Get SALT Encoding   

  12  0:00  SCV  
  13  0:12  SCV  
  14  0:18  Supply Depot  
  14  0:24  SCV  
  15  0:39  SCV  
  15  0:40  Barracks  
  16  0:46  Refinery  
  16  0:51  SCV  
  17  1:04  SCV  
  18  1:16  SCV  
  19  1:36  Marine  
  20  1:40  Command Center  
  20  1:41  Orbital Command  
  20  1:54  Bunker  
  20  1:56  Marine  
  21  2:08  SCV  
  22  2:13  Marine  
  23  2:18  Factory  
  23  2:23  SCV  
  24  2:32  Barracks Reactor  
  24  2:35  SCV  
  25  2:49  SCV  
  25  2:51  Factory  
  26  2:55  Orbital Command  
  26  3:01  SCV  
  26  3:03  Refinery  
  27  3:13  SCV  
  27  3:16  Barracks Tech Lab  
  28  3:25  SCV x2, Hellion x2  
  34  3:35  Supply Depot  
  34  3:37  SCV  
  34  3:38  SCV  
  36  3:42  Siege Tank  
  39  3:49  SCV  
  39  3:50  SCV  
  41  3:58  Marine, Supply Depot  
  41  4:01  Hellion  
  41  4:02  SCV x2, Hellion  
  48  4:14  SCV x2  
  48  4:16  Marine  
  51  4:24  Supply Depot  
  51  4:26  SCV  
  51  4:30  Siege Tank, Hellion x2  
  51  4:31  SCV  
  60  4:32  Infernal Pre-Igniter  
  60  4:33  Marine  
  60  4:38  SCV  
  62  4:40  Armory  
  62  4:47  Supply Depot  
  62  4:49  SCV  
  62  4:50  SCV  
  64  5:01  SCV  
  64  5:02  SCV, Command Center  
  66  5:07  Refinery  
  66  5:08  Refinery  
  66  5:13  SCV  
  67  5:14  SCV  
  67  5:16  Factory  
  67  5:17  Factory  
  68  5:25  SCV, Supply Depot  
  68  5:26  SCV  
  68  5:27  Hellion x2  
  72  5:37  SCV, Factory  
  72  5:38  SCV  
  74  5:50  SCV x2  
  74  5:51  Siege Tank  
  74  5:52  Hellion x2  
  83  5:59  Supply Depot  
  83  6:02  SCV  
  83  6:03  SCV  
  83  6:17  Factory Tech Lab x2  
  81  6:22  Supply Depot  
  81  6:23  Siege Tank  
  72  6:40  Factory Tech Lab  
  72  6:44  SCV x2  
  74  6:49  Hellion x2  
  74  6:52  Siege Tank x2, Hellion x2  
  84  6:56  SCV x2  
  84  6:57  Engineering Bay  
  84  6:58  Orbital Command  
  86  7:08  SCV  
  87  7:14  Thor  
  93  7:17  SCV  
  93  7:18  Mag-Field Accelerator  
  93  7:20  SCV  
  95  7:24  Cyclone  
  96  7:30  SCV x2  
  98  7:37  Refinery  
  98  7:39  SCV, Refinery  
  98  7:40  Supply Depot  
  98  7:42  SCV  
  98  7:43  SCV  
  101  7:50  Cyclone  
  104  7:53  Smart Servos  
  104  7:55  SCV x3  
  104  7:56  Cyclone  
  110  8:04  Command Center  
  110  8:05  Missile Turret  
  110  8:07  SCV  
  110  8:08  SCV  
  110  8:09  Missile Turret  
  110  8:10  Missile Turret  
  112  8:14  Missile Turret  
  112  8:15  Missile Turret  
  112  8:18  Thor, Supply Depot  
  118  8:22  Terran Vehicle Weapons Level 1  
  118  8:30  Cyclone  
  121  8:36  Cyclone  
  121  8:37  SCV  
  121  8:40  SCV x2  
  127  8:41  Supply Depot  
  127  8:44  Supply Depot  
  127  8:55  Command Center  
  127  9:01  Cyclone  
  127  9:02  Marine, Cyclone x2  
  131  9:11  Hellion  
  131  9:12  Hellion x2  
  131  9:13  SCV x3  
  140  9:18  Orbital Command  
  140  9:19  Refinery  
  140  9:20  Marine  
  141  9:25  SCV  
  141  9:26  Refinery  
  139  9:33  Thor, Hellion x2  
  139  9:34  Cyclone x2  
  155  9:40  Barracks, Barracks Tech Lab  
  155  9:41  Barracks, Ghost Academy  
  155  9:50  SCV x3  
  155  9:51  SCV  
  159  9:56  Sensor Tower  
  159  10:09  Missile Turret x2  
  159  10:15  Sensor Tower  
  159  10:16  Planetary Fortress  
  159  10:23  Ghost  
  155  10:47  Thor  
  155  10:48  Thor  
  165  10:50  Barracks Tech Lab x2  
  165  10:52  Ghost  
  153  11:12  Ghost x2  
  155  11:19  Hellion x2  
  155  11:20  Hellion x2  
  155  11:22  SCV  
  155  11:23  SCV x4  
  155  11:25  Command Center, Terran Vehicle Weapons Level 2  
  168  11:28  Armory  
  168  11:31  Siege Tank, Hellion  
  173  11:35  Ghost  
  173  11:37  Missile Turret  
  175  11:41  Siege Tank x2  
  175  11:44  Ghost  
  183  11:50  Command Center  
  183  11:56  Ghost  
  185  12:04  Ghost  
  186  12:36  Ghost  
  188  12:48  Missile Turret  
  188  12:54  Thor x2  
  200  12:59  Command Center  
  195  13:23  Hellion x2  
Tags
 
Add a new tag
Caveats
  • Supply blocks, unpowered buildings, or Contaminate may cause inaccurate times.
  • Supply counts are checked every 10 seconds.